 Dungeon Sprint DCSS version 0.28-a0-863-g8cecda6153 (webtiles) character file.

Game seed: 1277866946572731802

475177 Turgor the Conqueror (level 20, 0/216 HPs)
             Began as a Minotaur Berserker on Nov 16, 2021.
             Was the Champion of Trog.
             Succumbed to Gloorx Vloq's foul vapour
             ... in the Dungeon (Sprint IX: "|||||||||||||||||||||||||||||") on Nov 17, 2021.
             The game lasted 03:10:43 (11131 turns).

Turgor the Conqueror (Minotaur Berserker)          Turns: 11131, Time: 03:10:43

Health: 0/216      AC: 42    Str: 26    XL:     20   Next: 48%
Magic:  19/19      EV: 22    Int:  6    God:    Trog [******]
Gold:   1043       SH: 30    Dex: 22    Spells: 19/19 levels left

rFire   + . .      SeeInvis .   h - +7 broad axe (vorpal)
rCold   + . .      Faith    .   S - +3 tower shield {rPois}
rNeg    + . .      Spirit   .   P - +10 gold dragon scales
rPois   +          Reflect  .   l - +2 hood of the Assassin {Detection Stab+ Stlth++}
rElec   +          Harm     .   I - +1 cloak {Stlth+}
rCorr   +          Rampage  .   F - +1 pair of gloves
Will    ++++.      NoTele   +   H - +1 pair of boots
Stlth   +++.......              K - amulet of regeneration
HPRegen 2.46/turn               N - ring of Qiteck {rElec Dex+6}
MPRegen 0.16/turn               O - ring "Wuofoco" {rN+ rCorr Dex+3}

@: lethally poisoned (0 -> -16), strong-willed, regenerating, hasted and slowed,
invisible
A: horns 2, retaliatory headbutt, claws 1, deformed body, strong-willed 1
}: 9/17 runes: decaying, serpentine, barnacled, slimy, elven, silver, golden,
abyssal, gossamer
a: Renounce Religion, Berserk, Trog's Hand, Brothers in Arms


You were in the Dungeon.
You worshipped Trog.
Trog was exalted by your worship.
You visited 1 branch You collected 1919 gold pieces.
You spent 876 gold pieces at shops.

Inventory:

Hand Weapons
 a - a +4 dagger of distortion
 h - a +7 vorpal broad axe (weapon)
 o - a +6 vorpal bardiche
 u - a +7 antimagic glaive
 x - the +11 glaive of Misery {flame, rPois rF+ rN+ Will+}
   (Trog gifted it to you in the Dungeon)

   It burns those it strikes, dealing additional fire damage.
   Big, fiery blades are also staple armaments of hydra-hunters.
   rF:        It protects you from fire.
   rPois:     It protects you from poison.
   rN:        It protects you from negative energy.
   Will:      It increases your willpower.
 y - a +3 bardiche of flaming
 M - a +6 demon trident of freezing
 R - the +11 scythe "Istumem" {vorpal, +Blink rF+ Will+ Int+4}
   (You found it in the Dungeon)

   It inflicts extra damage upon your enemies.
   Int:       It affects your intelligence (+4).
   rF:        It protects you from fire.
   +Blink:    It lets you blink.
   Will:      It increases your willpower.
 U - the +8 demon trident "Rift" {distort, reach+}
   (Trog gifted it to you in the Dungeon)

   It warps and distorts space around it, and may blink, banish, or inflict
   extra damage upon those it strikes.
   Unwielding it can cause banishment or high damage.
   It can reach especially far, and its reaching attacks ignore other creatures
   in the way.
 V - a +5 demon trident of flaming
Missiles
 n - 4 silver javelins (quivered)
 z - 9 poisoned darts
 E - 2 curare-tipped darts
Armour
 b - a +1 buckler of resistance
 l - the +2 hood of the Assassin (worn) {Detection Stab+ Stlth++}
   (You found it in the Dungeon)

   It allows the wearer to sense nearby creatures.
   It allows the wearer to make particularly effective stabbing attacks against
   helpless or unaware enemies with any weapon.
   Stlth:     It makes you much more stealthy.
 v - a +0 kite shield of reflection
 F - a +1 pair of gloves (worn)
 H - a +1 pair of boots (worn)
 I - a +1 cloak of stealth (worn)
 P - +10 gold dragon scales (worn)
 S - a +3 tower shield of poison resistance (worn)
Jewellery
 k - a +4 ring of evasion
 m - a +4 ring of evasion
 w - a +6 ring of intelligence
 A - the amulet of the Air {Inacc Air Fly rElec RMsl}
   (You bought it in a shop in the Dungeon)

   [amulet of nothing]

   It reduces the accuracy of all your attacks.
   It enhances your air magic.
   rElec:     It insulates you from electricity.
   Fly:       It grants you flight.
   RMsl:      It protects you from missiles.
 B - a ring of poison resistance
 C - a ring of protection from cold
 G - a ring of willpower
 J - a +6 ring of strength
 K - an amulet of regeneration (around neck)
 L - a +6 ring of dexterity
 N - the ring of Qiteck (left hand) {rElec Dex+6}
   (You found it in the Dungeon)

   [ring of dexterity]

   Dex:       It affects your dexterity (+6).
   rElec:     It insulates you from electricity.
 O - the ring "Wuofoco" (right hand) {rN+ rCorr Dex+3}
   (You found it in the Dungeon)

   [ring of resist corrosion]

   Dex:       It affects your dexterity (+3).
   rN:        It protects you from negative energy.
   rCorr:     It protects you from acid and corrosion.
 Q - the ring of Dim Light {Ice *Slow rPois Will+ Int+5}
   (You found it in the Dungeon)

   [ring of ice]

   It enhances your ice magic.
   Int:       It affects your intelligence (+5).
   rF:        It makes you vulnerable to fire.
   rC:        It protects you from cold.
   rPois:     It protects you from poison.
   *Slow:     It may slow you when you take damage.
   Will:      It increases your willpower.
Wands
 j - a wand of acid (2)
 D - a wand of iceblast (8)
Scrolls
 r - 3 scrolls of fear
 s - 8 scrolls of identify
 t - 6 scrolls of fog
Potions
 c - 6 potions of curing
 d - a potion of heal wounds
 e - a potion of haste
 f - 9 potions of magic
 g - 4 potions of berserk rage
 p - 2 potions of mutation
Miscellaneous
 q - the horn of Geryon


   Skills:
 O Level 27 Fighting
 O Level 27 Axes
 - Level 20.1(27) Maces & Flails
 O Level 27 Polearms
 - Level 20.1(27) Staves
 + Level 18.6(25.8) Slings
 O Level 27 Throwing
 O Level 27 Armour
 O Level 27 Dodging
 * Level 17.2 Stealth
 O Level 27 Shields
 O Level 27 Evocations


You had 19 spell levels left.
You didn't know any spells.
Your spell library was empty.

Dungeon Overview and Level Annotations

Branches:
Dungeon (1/1)

Altars:
Cheibriados
Dithmenos
Elyvilon
Fedhas
Gozag
Hepliaklqana
Kikubaaqudgha
Makhleb
Nemelex Xobeh
Okawaru
Qazlal
Ru
Sif Muna
Trog
Uskayaw
Vehumet
Wu Jian
Xom
Yredelemnul
Zin
The Shining One
Beogh
Jiyva
Lugonu

Shops:
D =(((

Annotations:
D Antaeus, Asmodeus, Dispater, Gloorx Vloq


Innate Abilities, Weirdness & Mutations

You have a pair of horns on your head.
You reflexively headbutt those who attack you in melee.
You have sharp fingernails.
Armour fits poorly on your strangely shaped body.
You are strong-willed. (Will+)


Message History

You partially resist.
* * * LOW HITPOINT WARNING * * *
Antaeus sneers, "I shall devour thy neck!"
Your stone giant goes berserk!
* * * LOW HITPOINT WARNING * * *
You feel very sick. You block the Executioner's attack.
The Executioner misses you. You block the Executioner's attack.
The Executioner barely misses you. You block the Executioner's attack.
The Executioner hits you but does no damage.
Gloorx Vloq hits you!
* * * LOW HITPOINT WARNING * * *
The Brimstone Fiend calls on the powers of darkness!
Your body is wracked with pain!
* * * LOW HITPOINT WARNING * * *
The Executioner hits you.
* * * LOW HITPOINT WARNING * * *
You block the Executioner's attack. The Executioner completely misses you.
Gloorx Vloq misses you. You furiously retaliate!
You headbutt Gloorx Vloq, but do no damage.
You feel much better.
* * * LOW HITPOINT WARNING * * *
You feel very sick. You block the Executioner's attack. x2
The Executioner hits you but does no damage. x2
The Executioner misses you. You block the Executioner's attack.
Gloorx Vloq gestures at you. The foul vapour engulfs you!
You are more poisoned.
* * * LOW HITPOINT WARNING * * *
Your stone giant is engulfed in dark miasma.
Your stone giant is poisoned.
Your stone giant hits the Executioner!
The Executioner misses you. You block the Executioner's attack.
The Executioner hits you but does no damage.
Gloorx Vloq completely misses you.
You slice Gloorx Vloq!! Your headbutt misses Gloorx Vloq.
Gloorx Vloq is heavily wounded.
You hit the Executioner.
You die...

))))........)...)................
▓▓▓▓▓▓▓▓▓▓▓▓▓▓▓▓▓▓▓▓▓▓▓▓▓▓▓▓▓▓▓▓▓
.................................
▓▓▓▓▓▓▓▓▓▓▓▓▓▓▓▓▓▓▓▓▓▓▓▓▓▓▓▓▓▓▓▓▓
'...).....'.........'.....).....'
▓▓▓▓▓▓▓▓▓▓▓▓▓▓▓▓▓▓▓▓▓▓▓▓▓▓▓▓▓▓▓▓▓
.................................
▓▓▓▓▓▓▓▓▓▓▓▓▓▓▓▓▓▓▓▓▓▓▓▓▓▓▓▓▓▓▓▓▓
...........○○○C1@&&C111& { { {
▓▓▓▓▓▓▓▓▓▓▓▓▓▓▓▓▓▓▓▓▓▓▓▓


You could see Antaeus, Asmodeus (clouds), Dispater, Gloorx Vloq, a Brimstone
Fiend (summoned), 3 Executioners and a friendly stone giant (summoned, berserk,
poisoned).

Vanquished Creatures
  the Royal Jelly (D)
  4 orbs of fire (D)
  7 ancient liches (D)
  6 royal mummies (D)
  Boris (D)
  Frederick (D)
  2 curse toes (D)
  Geryon (D)
  Nikola (D)
  5 golden dragons (D)
  Jory (D)
  4 tentacled monstrosities (D)
  Rupert (D)
  An electric golem (D)
  27 Orb Guardians (D)
  4 liches (D)
  3 deep elf master archers (D)
  A titan (D)
  2 deep elf blademasters (D)
  2 quicksilver dragons (D)
  A tentacled starspawn (D)
  9 acid blobs (D)
  3 storm dragons (D)
  4 death cobs (D)
  11 sphinxes (D)
  7 shadow dragons (D)
  2 tengu reavers (D)
  6 nagarajas (D)
  7 azure jellies (D)
  A fire giant (D)
  Donald (D)
  4 rockslimes (D)
  2 deep elf sorcerers (D)
  4 emperor scorpions (D)
  3 frost giants (D)
  Louise (D)
  2 ghost moths (D)
  2 draconian shifters (D)
  2 iron dragons (D)
  2 vault wardens (D)
  3 ironbound preservers (D)
  4 very ugly things (D)
  A draconian annihilator (D)
  A draconian stormcaller (D)
  2 quicksilver oozes (D)
  2 stone giants (D)
  2 green draconians (D)
  5 vampire knights (D)
  3 deep elf annihilators (D)
  A deep elf demonologist (D)
  6 black draconians (D)
  Azrael (D)
  An entropy weaver (D)
  A purple draconian (D)
  A starcursed mass (D)
  2 yellow draconians (D)
  4 white draconians (D)
  A red draconian (D)
  A deep elf death mage (D)
  A mummy priest (D)
  2 merfolk javelineers (D)
  2 ettins (D)
  A merfolk impaler (D)
  3 fire dragons (D)
  Josephine (D)
  2 deep elf high priests (D)
  A great orb of eyes (D)
  5 hydras (D)
  Erica (D)
  A boulder beetle (D)
  2 naga warriors (D)
  18 vault guards (D)
  3 ice dragons (D)
  An ironbound thunderhulk (D)
  3 ogre magi (D)
  An ironbound frostheart (D)
  3 centaur warriors (D)
  A tengu warrior (D)
  A dancing weapon (D)
  An alligator (D)
  A two-headed ogre (D)
  A thrashing horror (D)
  A hell knight (D)
  Sonja (D)
  An iron troll (D)
  A sea snake (shapeshifter) (D)
  A deep troll (D)
  5 swamp dragons (D)
  A glowing orange brain (D)
  2 wizards (D)
  2 harpies (D)
  2 orc knights (D)
  2 necromancers (D)
  2 mana vipers (D)
  An ugly thing (D)
  2 cyclopes (D)
  An orb spider (D)
  2 manticores (D)
  A will-o-the-wisp (D)
  5 black mambas (D)
  11 moths of wrath (D)
  2 vault sentinels (D)
  2 naga magi (D)
  A torpor snail (D)
  An unseen horror (D)
  Psyche (D)
  2 gargoyles (D)
  2 cane toads (D)
  A kobold demonologist (D)
  2 demonic crawlers (D)
  2 komodo dragons (D)
  A freezing wraith (D)
  21 guardian mummies (D)
  A troll (D)
  2 jumping spiders (D)
  3 polar bears (D)
  A snapping turtle (D)
  3 slime creatures (D)
  A wandering mushroom (D)
  A redback (D)
  10 spriggans (D)
  A tarantella (D)
  4 yaks (D)
  A ynoxinul (D)
  4 wraiths (D)
  3 golden eyes (D)
  2 fire elementals (D)
  A neqoxec (D)
  3 nagas (D)
  3 small abominations (D)
  A water moccasin (D)
  2 hell hounds (D)
  3 swamp drakes (D)
  6 orc warriors (D)
  2 black bears (D)
  An ogre (D)
  A centaur (D)
  3 bullfrogs (D)
  3 orc priests (D)
  An iguana (D)
  An iron imp (D)
  6 orc wizards (D)
  An adder (D)
  A shadow imp (D)
  3 dart slugs (D)
  4 orcs (D)
  A bat (D)
  A ball python (D)
  A quokka zombie (D)
415 creatures vanquished.

Vanquished Creatures (collateral kills)
  Margery (D)
  A deep elf blademaster (D)
  2 sphinxes (D)
  A death cob (D)
  A nagaraja (D)
  A fenstrider witch (D)
  A rockslime (D)
  Ilsuiw (D)
  A draconian shifter (D)
  2 fire giants (D)
  An ironbound preserver (D)
  3 stone giants (D)
  2 very ugly things (D)
  A vampire knight (D)
  An entropy weaver (D)
  A bunyip (D)
  A purple draconian (D)
  2 white draconians (D)
  2 eleionomae (D)
  An ettin (D)
  3 fire dragons (D)
  2 merfolk javelineers (D)
  3 merfolk impalers (D)
  A naga warrior (D)
  An ironbound thunderhulk (D)
  8 vault guards (D)
  2 hydras (D)
  A boulder beetle (D)
  A satyr (D)
  A tengu warrior (D)
  3 merfolk aquamancers (D)
  A deep troll shaman (D)
  A vampire mage (D)
  2 deep troll earth magi (D)
  A spriggan berserker (D)
  3 hell knights (D)
  An iron troll (D)
  3 deep trolls (D)
  A glowing orange brain (D)
  A harpy (D)
  2 ironbound convokers (D)
  A will-o-the-wisp (D)
  A cyclops (D)
  2 wolf spiders (D)
  A manticore (D)
  A vault sentinel (D)
  A rime drake (D)
  A demonic crawler (D)
  A tengu conjurer (D)
  3 trolls (D)
  3 merfolk (D)
  4 polar bears (D)
  A jumping spider (D)
  A tyrant leech (D)
  2 slime creatures (D)
  A spriggan (D)
  A water elemental (D)
  2 yaks (D)
  A vampire mosquito (D)
  2 water moccasins (D)
  4 orc warriors (D)
103 creatures vanquished.

Vanquished Creatures (others)
  A merfolk aquamancer (D)
  An unseen horror (shapeshifter) (D)
  A tengu conjurer (D)
  An orc wizard (D)
  3 foxfires (D)
  A starspawn tentacle (D)
8 creatures vanquished.

Grand Total: 526 creatures vanquished

Notes
Turn   | Place    | Note
-------+----------+-------------------------------------------
     0 | D        | Turgor the Minotaur Berserker began the quest for the Orb.
     0 | D        | Reached XP level 1. HP: 19/19 MP: 0/0
    14 | D        | Reached ** piety under Trog
    21 | D        | Reached XP level 2. HP: 25/27 MP: 1/1
    35 | D        | Noticed an ogre
    42 | D        | Reached skill level 5 in Fighting
    42 | D        | Reached XP level 3. HP: 36/36 MP: 2/2
    42 | D        | Reached *** piety under Trog
    47 | D        | Killed an ogre
    48 | D        | Reached skill level 5 in Armour
    48 | D        | Reached skill level 5 in Dodging
    48 | D        | Reached XP level 4. HP: 45/45 MP: 3/3
    51 | D        | Reached XP level 5. HP: 51/51 MP: 4/4
    56 | D        | Found a snail-covered altar of Cheibriados.
    56 | D        | Found a shadowy altar of Dithmenos.
    56 | D        | Found a white marble altar of Elyvilon.
    56 | D        | Found a blossoming altar of Fedhas.
    56 | D        | Found an opulent altar of Gozag.
    57 | D        | Found a hazy altar of Hepliaklqana.
    58 | D        | Found a viscous altar of Jiyva.
    59 | D        | Found an ancient bone altar of Kikubaaqudgha.
    60 | D        | Found a corrupted altar of Lugonu.
    61 | D        | Found a burning altar of Makhleb.
    62 | D        | Found a sparkling altar of Nemelex Xobeh.
    63 | D        | Found an iron altar of Okawaru.
    64 | D        | Found a stormy altar of Qazlal.
    65 | D        | Found a sacrificial altar of Ru.
    66 | D        | Found a shimmering blue altar of Sif Muna.
    67 | D        | Found a bloodstained altar of Trog.
    68 | D        | Found a hide-covered altar of Uskayaw.
    69 | D        | Found a radiant altar of Vehumet.
    70 | D        | Found an ornate altar of the Wu Jian Council.
    71 | D        | Found a shimmering altar of Xom.
    72 | D        | Found a basalt altar of Yredelemnul.
    73 | D        | Found a glowing silver altar of Zin.
    74 | D        | Found a glowing golden altar of the Shining One.
   139 | D        | Noticed a two-headed ogre
   139 | D        | Noticed a gargoyle
   139 | D        | Noticed a centaur
   139 | D        | Noticed a yak
   151 | D        | Killed a two-headed ogre
   151 | D        | Reached **** piety under Trog
   152 | D        | Reached XP level 6. HP: 27/64 MP: 5/5
   152 | D        | Reached XP level 7. HP: 29/70 MP: 6/6
   155 | D        | Killed a gargoyle
   156 | D        | Reached skill level 10 in Fighting
   159 | D        | Killed an unseen horror
   160 | D        | Reached skill level 10 in Armour
   160 | D        | Reached XP level 8. HP: 31/80 MP: 7/7
   168 | D        | Reached ***** piety under Trog
   441 | D        | Noticed a gargoyle
   441 | D        | Noticed a kobold demonologist
   441 | D        | Noticed a manticore
   441 | D        | Noticed a centaur warrior
   441 | D        | Noticed a slime creature
   447 | D        | Killed a gargoyle
   448 | D        | Reached skill level 15 in Polearms
   451 | D        | Killed a kobold demonologist
   452 | D        | Reached skill level 10 in Dodging
   459 | D        | Killed a manticore
   460 | D        | Reached XP level 9. HP: 67/90 MP: 8/8
   466 | D        | Killed a centaur warrior
   564 | D        | Noticed Psyche
   573 | D        | Killed Psyche
   573 | D        | Received a gift from Trog
   822 | D        | Noticed a cane toad
   822 | D        | Noticed a polar bear
   828 | D        | Killed a cane toad
   828 | D        | Noticed a komodo dragon
   829 | D        | Reached skill level 1 in Evocations
   836 | D        | Reached XP level 10. HP: 89/101 MP: 9/9
   972 | D        | Noticed a cane toad
   973 | D        | Noticed a six-headed hydra
   975 | D        | Killed a cane toad
   982 | D        | Killed a seven-headed hydra
   982 | D        | Reached ****** piety under Trog
  1004 | D        | Received a gift from Trog
  1008 | D        | Reached skill level 5 in Evocations
  1015 | D        | Reached XP level 11. HP: 111/111 MP: 10/10
  1114 | D        | Noticed Erica
  1125 | D        | Killed Erica
  1125 | D        | Received a gift from Trog
  1177 | D        | Reached skill level 15 in Fighting
  1177 | D        | Reached XP level 12. HP: 117/119 MP: 11/11
  1178 | D        | Reached XP level 13. HP: 124/126 MP: 12/12
  1250 | D        | Received a gift from Trog
  1272 | D        | Received a gift from Trog
  1330 | D        | Received a gift from Trog
  1347 | D        | Received a gift from Trog
  1356 | D        | Found Guyjoir's Jewellery Emporium.
  1372 | D        | Paralysed by something for 2 turns
  1375 | D        | Identified the +7 halberd "Hojazab" {flame, rPois Dex+4
                  | Stlth+} (Trog gifted it to you in the Dungeon)
  1375 | D        | Received a gift from Trog
  1376 | D        | Found Kopleene's Antique Weapon Shoppe.
  1378 | D        | Found Kiana's Weapon Emporium.
  1749 | D        | Found Fosaley's Antique Weapon Shoppe.
  1793 | D        | Bought 9 poisoned darts for 50 gold pieces
  1801 | D        | Bought the amulet of the Air {Inacc Air Fly rElec RMsl} for
                  | 376 gold pieces
  1801 | D        | Found the amulet of the Air {Inacc Air Fly rElec RMsl}
  1801 | D        | Bought a ring of poison resistance for 200 gold pieces
  1801 | D        | Bought a ring of protection from cold for 250 gold pieces
  1873 | D        | Noticed Sonja
  1880 | D        | Killed Sonja
  1880 | D        | Identified the +1 glaive "Xudiuwni" {flame, rF- Dex+7}
                  | (Trog gifted it to you in the Dungeon)
  1880 | D        | Received a gift from Trog
  2053 | D        | Found the +2 hood of the Assassin {Detection Stab+ Stlth++}
  2137 | D        | Reached skill level 1 in Throwing
  2137 | D        | Reached skill level 15 in Armour
  2141 | D        | Noticed a white very ugly thing
  2152 | D        | Noticed a fire dragon
  2163 | D        | Killed a white very ugly thing
  2163 | D        | Received a gift from Trog
  2168 | D        | Reached skill level 10 in Evocations
  2173 | D        | Noticed a frost giant
  2175 | D        | Noticed a stone giant
  2177 | D        | Killed a fire dragon
  2181 | D        | Noticed an ettin
  2185 | D        | Killed a frost giant
  2190 | D        | Killed a stone giant
  2190 | D        | Received a gift from Trog
  2195 | D        | Killed an ettin
  2207 | D        | Reached XP level 14. HP: 97/146 MP: 13/13
  2452 | D        | Reached skill level 5 in Throwing
  2455 | D        | Received a gift from Trog
  2474 | D        | Reached skill level 15 in Dodging
  2532 | D        | Identified the +4 glaive of Trog's Outrage {vorpal, Fragile
                  | rF+ Will+ Str+8} (Trog gifted it to you in the Dungeon)
  2532 | D        | Received a gift from Trog
  2796 | D        | Noticed a fenstrider witch
  2812 | D        | Received a gift from Trog
  2813 | D        | Killed a fenstrider witch
  2829 | D        | Received a gift from Trog
  3081 | D        | Received a gift from Trog
  3090 | D        | Noticed Josephine
  3102 | D        | Killed Josephine
  3158 | D        | Identified the +9 halberd of the Maze {flame, rPois Str+6
                  | Dex-2} (Trog gifted it to you in the Dungeon)
  3158 | D        | Received a gift from Trog
  3225 | D        | Noticed a stone giant
  3225 | D        | Noticed a fire giant
  3227 | D        | Killed a stone giant
  3232 | D        | Killed a fire giant
  3235 | D        | Noticed a frost giant
  3238 | D        | Noticed a cyan very ugly thing
  3243 | D        | Received a gift from Trog
  3244 | D        | Noticed a stone giant
  3256 | D        | Killed a frost giant
  3264 | D        | Killed a cyan very ugly thing
  3265 | D        | Reached skill level 1 in Stealth
  3276 | D        | Killed a stone giant
  3282 | D        | Received a gift from Trog
  3291 | D        | Noticed a sphinx
  3299 | D        | Killed a sphinx
  3299 | D        | Received a gift from Trog
  3300 | D        | Reached XP level 15. HP: 135/170 MP: 14/14
  3402 | D        | Noticed a vault warden
  3411 | D        | Reached skill level 5 in Stealth
  3425 | D        | Killed a vault warden
  3442 | D        | Noticed a deep elf blademaster
  3442 | D        | Received a gift from Trog
  3450 | D        | Received a gift from Trog
  3460 | D        | Killed a deep elf blademaster
  3595 | D        | Noticed a vault warden
  3674 | D        | Killed a vault warden
  3674 | D        | Received a gift from Trog
  3784 | D        | Reached skill level 27 in Fighting
  3900 | D        | Noticed Donald
  3913 | D        | Killed Donald
  3913 | D        | Received a gift from Trog
  3989 | D        | Noticed Nikola
  3997 | D        | Killed Nikola
  4208 | D        | Noticed Rupert
  4223 | D        | Killed Rupert
  4306 | D        | Noticed Ilsuiw
  4314 | D        | Received a gift from Trog
  4330 | D        | Killed Ilsuiw
  4351 | D        | Identified the +7 quarterstaff "Xoexti" {antimagic, rPois
                  | rCorr} (Trog gifted it to you in the Dungeon)
  4351 | D        | Received a gift from Trog
  4368 | D        | Got a barnacled rune of Zot
  4580 | D        | Received a gift from Trog
  4595 | D        | Reached skill level 15 in Evocations
  4599 | D        | Identified the +11 glaive of Misery {flame, rPois rF+ rN+
                  | Will+} (Trog gifted it to you in the Dungeon)
  4599 | D        | Received a gift from Trog
  4618 | D        | Got a decaying rune of Zot
  4653 | D        | Noticed a nagaraja
  4653 | D        | Noticed a nagaraja
  4653 | D        | Noticed a nagaraja
  4653 | D        | Noticed a nagaraja
  4659 | D        | Killed a nagaraja
  4660 | D        | Noticed a nagaraja
  4661 | D        | Killed a nagaraja
  4662 | D        | Noticed a nagaraja
  4663 | D        | Killed a nagaraja
  4663 | D        | Received a gift from Trog
  4664 | D        | Reached skill level 27 in Polearms
  4665 | D        | Noticed a nagaraja
  4669 | D        | Killed a nagaraja
  4670 | D        | Reached skill level 10 in Throwing
  4670 | D        | Reached XP level 16. HP: 183/183 MP: 15/15
  4690 | D        | Received a gift from Trog
  4707 | D        | Got a serpentine rune of Zot
  4755 | D        | Received a gift from Trog
  4815 | D        | Received a gift from Trog
  4829 | D        | Got a gossamer rune of Zot
  4993 | D        | Noticed Frederick
  5015 | D        | Killed Frederick
  5072 | D        | Noticed Boris
  5095 | D        | Killed Boris
  5095 | D        | Received a gift from Trog
  5134 | D        | Noticed Margery
  5144 | D        | Killed Margery
  5153 | D        | Received a gift from Trog
  5154 | D        | Reached skill level 15 in Throwing
  5218 | D        | Received a gift from Trog
  5264 | D        | Received a gift from Trog
  5287 | D        | Received a gift from Trog
  5358 | D        | Noticed a golden dragon
  5368 | D        | Received a gift from Trog
  5368 | D        | Noticed a tengu reaver
  5376 | D        | Killed a golden dragon
  5384 | D        | Killed a tengu reaver
  5384 | D        | Received a gift from Trog
  5390 | D        | Reached skill level 27 in Armour
  5392 | D        | Noticed a shadow dragon
  5406 | D        | Received a gift from Trog
  5467 | D        | Killed a shadow dragon
  5468 | D        | Reached XP level 17. HP: 191/191 MP: 16/16
  5617 | D        | Noticed a tentacled monstrosity
  5624 | D        | Noticed a lich
  5631 | D        | Received a gift from Trog
  5641 | D        | Killed a tentacled monstrosity
  5647 | D        | Noticed a titan
  5660 | D        | Killed a lich
  5665 | D        | Received a gift from Trog
  5672 | D        | Killed a titan
  5689 | D        | Got a silver rune of Zot
  5890 | D        | Got the ring of Qiteck {rElec Dex+6}
  5892 | D        | Got the ring of Baocluge {Ice Str+2}
  5895 | D        | Got the ring "Wuofoco" {rN+ rCorr Dex+3}
  5897 | D        | Got the ring "Qiracun" {rCorr Stlth+}
  5900 | D        | Got the ring of Dim Light {Ice *Slow rPois Will+ Int+5}
  5907 | D        | Got the +11 scythe "Istumem" {vorpal, +Blink rF+ Will+
                  | Int+4}
  6065 | D        | Noticed Jory
  6082 | D        | Killed Jory
  6160 | D        | Noticed Louise
  6173 | D        | Killed Louise
  6174 | D        | Reached skill level 5 in Shields
  6236 | D        | Identified the +6 halberd of Supply {vorpal, rPois Dex+2
                  | SInv} (Trog gifted it to you in the Dungeon)
  6236 | D        | Received a gift from Trog
  6239 | D        | Noticed Azrael
  6247 | D        | Killed Azrael
  6542 | D        | Received a gift from Trog
  6560 | D        | Received a gift from Trog
  6573 | D        | Reached skill level 10 in Shields
  6612 | D        | Noticed a golden dragon
  6620 | D        | Reached skill level 27 in Dodging
  6633 | D        | Killed a golden dragon
  6634 | D        | Received a gift from Trog
  6668 | D        | Reached skill level 15 in Shields
  6674 | D        | Received a gift from Trog
  6699 | D        | Noticed an orb of fire
  6724 | D        | Gained mutation: You are clumsy. (Dex -2) [an orb of fire]
  6726 | D        | Killed an orb of fire
  6731 | D        | Received a gift from Trog
  6789 | D        | Noticed a quicksilver dragon
  6799 | D        | Received a gift from Trog
  6816 | D        | Killed a quicksilver dragon
  7161 | D        | Noticed a tentacled monstrosity
  7161 | D        | Noticed a golden dragon
  7170 | D        | Killed a tentacled monstrosity
  7174 | D        | Noticed a curse toe
  7188 | D        | Killed a golden dragon
  7199 | D        | Received a gift from Trog
  7204 | D        | Reached XP level 18. HP: 90/200 MP: 17/17
  7511 | D        | Killed a curse toe
  7566 | D        | Received a gift from Trog
  7566 | D        | Found the +8 demon trident "Rift" {distort, reach+}
  7602 | D        | Received a gift from Trog
  7802 | D        | Noticed an Orb Guardian
  7802 | D        | Noticed an Orb Guardian
  7802 | D        | Noticed an Orb Guardian
  7802 | D        | Noticed an Orb Guardian
  7802 | D        | Noticed an Orb Guardian
  7802 | D        | Noticed an Orb Guardian
  7810 | D        | Killed an Orb Guardian
  7815 | D        | Killed an Orb Guardian
  7819 | D        | Killed an Orb Guardian
  7828 | D        | Killed an Orb Guardian
  7831 | D        | Killed an Orb Guardian
  7839 | D        | Killed an Orb Guardian
  7840 | D        | Reached skill level 27 in Shields
  7840 | D        | Noticed an Orb Guardian
  7847 | D        | Killed an Orb Guardian
  7849 | D        | Noticed an Orb Guardian
  7858 | D        | Killed an Orb Guardian
  7861 | D        | Noticed an Orb Guardian
  7870 | D        | Killed an Orb Guardian
  7870 | D        | Received a gift from Trog
  7871 | D        | Noticed an Orb Guardian
  7879 | D        | Killed an Orb Guardian
  7888 | D        | Noticed a tentacled monstrosity
  7888 | D        | Noticed an Orb Guardian
  7888 | D        | Noticed an Orb Guardian
  7888 | D        | Noticed a tentacled monstrosity
  7893 | D        | Killed a tentacled monstrosity
  7898 | D        | Reached skill level 27 in Evocations
  7898 | D        | Reached skill level 1 in Axes
  7910 | D        | Killed a tentacled monstrosity
  7919 | D        | Killed an Orb Guardian
  7919 | D        | Received a gift from Trog
  7920 | D        | Reached skill level 5 in Axes
  7931 | D        | Killed an Orb Guardian
  7973 | D        | Noticed an Orb Guardian
  7980 | D        | Killed an Orb Guardian
  7981 | D        | Noticed an Orb Guardian
  7990 | D        | Killed an Orb Guardian
  8016 | D        | Noticed an ancient lich
  8032 | D        | Killed an ancient lich
  8033 | D        | Reached skill level 10 in Axes
  8040 | D        | Noticed an orb of fire
  8066 | D        | Killed an orb of fire
  8066 | D        | Received a gift from Trog
  8121 | D        | Noticed an electric golem
  8129 | D        | Killed an electric golem
  8169 | D        | Noticed an ancient lich
  8169 | D        | Noticed a golden dragon
  8169 | D        | Noticed an ancient lich
  8169 | D        | Noticed a curse toe
  8181 | D        | Noticed an orb of fire
  8185 | D        | Killed an ancient lich
  8202 | D        | Killed a golden dragon
  8211 | D        | Killed an ancient lich
  8211 | D        | Received a gift from Trog
  8212 | D        | Reached skill level 15 in Axes
  8218 | D        | Gained mutation: You do not regenerate when monsters are
                  | visible. [an orb of fire]
  8220 | D        | Killed an orb of fire
  8266 | D        | Lost mutation: You are clumsy. (Dex -2) [potion of
                  | mutation]
  8266 | D        | Lost mutation: You do not regenerate when monsters are
                  | visible. [potion of mutation]
  8266 | D        | Gained mutation: Your spells are a little easier to cast,
                  | but a little less powerful. [potion of mutation]
  8266 | D        | Gained mutation: Armour fits poorly on your strangely
                  | shaped body. [potion of mutation]
  8266 | D        | Gained mutation: You have sharp fingernails. [potion of
                  | mutation]
  8266 | D        | Gained mutation: You are strong-willed. (Will+) [potion of
                  | mutation]
  8297 | D        | Noticed an ancient lich
  8299 | D        | Killed a curse toe
  8374 | D        | Killed an ancient lich
  8488 | D        | Noticed a golden dragon
  8502 | D        | Killed a golden dragon
  8515 | D        | Noticed an Orb Guardian
  8517 | D        | Received a gift from Trog
  8530 | D        | Killed an Orb Guardian
  8542 | D        | Noticed an ancient lich
  8551 | D        | Killed an ancient lich
  8552 | D        | Reached XP level 19. HP: 207/207 MP: 18/18
  8558 | D        | Noticed an orb of fire
  8567 | D        | Lost mutation: Your spells are a little easier to cast, but
                  | a little less powerful. [an orb of fire]
  8576 | D        | Killed an orb of fire
  8645 | D        | Received a gift from Trog
  8770 | D        | Received a gift from Trog
  8883 | D        | Noticed an ancient lich
  8906 | D        | Received a gift from Trog
  8916 | D        | Killed an ancient lich
  8968 | D        | Received a gift from Trog
  9008 | D        | Noticed an ancient lich
  9019 | D        | Killed an ancient lich
  9020 | D        | Reached skill level 27 in Axes
  9020 | D        | Reached skill level 27 in Throwing
  9044 | D        | Reached skill level 1 in Maces & Flails
  9044 | D        | Reached skill level 1 in Staves
  9045 | D        | Received a gift from Trog
  9046 | D        | Reached skill level 1 in Slings
  9095 | D        | Received a gift from Trog
  9096 | D        | Reached skill level 5 in Maces & Flails
  9096 | D        | Reached skill level 5 in Staves
  9101 | D        | Reached skill level 5 in Slings
  9131 | D        | Received a gift from Trog
  9147 | D        | Identified the +10 hand axe of the Inferno {vorpal, Contam
                  | *Slow rF++ Dex+9} (Trog gifted it to you in the Dungeon)
  9147 | D        | Received a gift from Trog
  9189 | D        | Got an elven rune of Zot
  9206 | D        | Reached skill level 10 in Stealth
  9215 | D        | Reached skill level 10 in Maces & Flails
  9215 | D        | Reached skill level 10 in Staves
  9234 | D        | Received a gift from Trog
  9235 | D        | Reached skill level 10 in Slings
  9262 | D        | Noticed the Royal Jelly
  9279 | D        | Killed the Royal Jelly
  9469 | D        | Received a gift from Trog
  9496 | D        | Got a slimy rune of Zot
  9597 | D        | Reached XP level 20. HP: 200/216 MP: 19/19
  9598 | D        | Received a gift from Trog
  9614 | D        | Reached skill level 15 in Maces & Flails
  9614 | D        | Reached skill level 15 in Staves
  9622 | D        | Received a gift from Trog
  9636 | D        | Received a gift from Trog
  9641 | D        | Paralysed by a sphinx for 5 turns
  9649 | D        | Reached skill level 15 in Slings
  9838 | D        | Received a gift from Trog
  9984 | D        | Received a gift from Trog
 10098 | D        | Reached skill level 15 in Stealth
 10185 | D        | Received a gift from Trog
 10198 | D        | Noticed a royal mummy
 10198 | D        | Noticed a royal mummy
 10198 | D        | Noticed a royal mummy
 10289 | D        | Killed a royal mummy
 10301 | D        | Killed a royal mummy
 10301 | D        | Received a gift from Trog
 10458 | D        | Killed a royal mummy
 10509 | D        | Noticed a royal mummy
 10528 | D        | Killed a royal mummy
 10620 | D        | Noticed a royal mummy
 10667 | D        | Killed a royal mummy
 10764 | D        | Noticed a royal mummy
 10824 | D        | Killed a royal mummy
 10824 | D        | Identified the +7 trident of Wunapn {vorpal, +Blink rC+ rN+
                  | Dex-2} (Trog gifted it to you in the Dungeon)
 10824 | D        | Received a gift from Trog
 10930 | D        | Got a golden rune of Zot
 10956 | D        | Received a gift from Trog
 10977 | D        | Got an abyssal rune of Zot
 11101 | D        | Noticed Geryon
 11103 | D        | Killed Geryon
 11106 | D        | Noticed Gloorx Vloq
 11106 | D        | Found the +4 staff of Dispater
 11106 | D        | Noticed Dispater
 11108 | D        | Noticed Antaeus
 11113 | D        | Found the +7 sceptre of Asmodeus
 11113 | D        | Noticed Asmodeus
 11129 | D        | HP: 8/216 [???[Asmodeus] (3)]
 11129 | D        | HP: 3/216 [Executioner[Gloorx Vloq] (5)]
 11131 | D        | Succumbed to Gloorx Vloq's foul vapour

Illustrated notes

Levels and vault maps discovered:
D:        linesprint [early_d, line_temple, items_1, d_10, items_2, lair_1,
          lair_end, items_3, orc_1, orc_end, items_4, d_15, swamp_1, shoals_1,
          snake_1, spider_1, d_20, vaults_1, items_5, swamp_end, shoals_end,
          snake_end, spider_end, vaults_end, d_27, items_6, zot_1, zot_end,
          crypt_end, forest_end, elf_end, slime_end, tomb_end, abyss_end,
          pan_hell_end]

Skill      XL: |  1  2  3  4  5  6  7  8  9 10 11 12 13 14 15 16 17 18 19 20 |
---------------+-------------------------------------------------------------+-----
Polearms       | 4 6 8 12 13 16 17 19 20 24 25 27 | 27.0
Fighting       | 4 5 6 9 10 11 13 14 15 19 25 27 | 27.0
Armour         | 3 4 5 9 10 11 12 14 15 20 23 27 | 27.0
Dodging        | 3 5 8 9 10 11 13 14 17 20 24 27 | 27.0
Evocations     | 1 5 6 10 12 15 19 24 27 | 27.0
Throwing       | 4 6 10 16 22 27 | 27.0
Stealth        | 3 7 13 17 | 17.2
Shields        | 22 27 | 27.0
Axes           | 20 27 | 27.0
Maces & Flails | 14 20 | 20.1
Staves         | 14 20 | 20.1
Slings         | 13 18 | 18.6

Action                   |  1- 3 |  4- 6 |  7- 9 | 10-12 | 13-15 | 16-18 | 19-21 || total
-------------------------+-------+-------+-------+-------+-------+-------+-------++-------
Melee: Spear             |    26 |    14 |    53 |       |       |       |       ||    93
       Headbutt          |     4 |     1 |    13 |     7 |    46 |   204 |   205 ||   480
       Glaive            |       |       |    13 |    46 |   292 |   608 |       ||   959
       Bardiche          |       |       |       |       |    41 |       |       ||    41
       Halberd           |       |       |       |       |     5 |       |       ||     5
       Demon trident     |       |       |       |       |       |   247 |   207 ||   454
       Broad axe         |       |       |       |       |       |       |   357 ||   357
Throw: Dart              |       |       |       |       |    13 |     5 |       ||    18
       Javelin           |       |       |       |       |       |       |    13 ||    13
Invok: Berserk           |     1 |     1 |     2 |     3 |    12 |    10 |     3 ||    32
       Brothers in Arms  |       |       |     1 |     1 |    23 |    12 |     6 ||    43
       Trog's Hand       |       |       |       |       |     7 |    27 |    34 ||    68
Evoke: Wand              |       |       |     1 |       |     4 |     4 |       ||     9
  Use: Potion            |       |       |       |     2 |     6 |    12 |    14 ||    34
       Scroll            |       |       |       |     1 |     8 |    12 |       ||    21
 Stab: Sleeping          |     1 |       |       |       |       |       |     1 ||     2
       Distracted        |       |       |       |       |     3 |     1 |       ||     4
       Confused          |       |       |       |       |       |     1 |       ||     1
Armor: Animal skin       |     2 |       |       |       |       |       |       ||     2
       Chain mail        |       |     1 |    16 |     5 |    51 |       |       ||    73
       Gold dragon scale |       |       |       |       |    36 |   337 |   112 ||   485
Dodge: Dodged            |    10 |     5 |    21 |     9 |    98 |   266 |   141 ||   550
       Repelled          |       |       |       |       |     4 |    12 |       ||    16
Block: Tower shield      |       |       |       |       |       |   115 |   395 ||   510

Table legend: (Time is in decaauts) A = Elapsed time spent in this place. B = Non-inter-level travel time spent in this place. C = Inter-level travel time spent in this place. D = Time resting spent in this place. E = Time spent auto-exploring this place. F = Levels seen in this place. G = Mean time per level. A B C D E F G +--------+--------+--------+--------+--------+-----+--------+ Total | 10616 | 10401 | 215 | 4080 | 0 | 1 | 10616.0 | Dungeon | 10616 | 10401 | 215 | 4080 | 0 | 1 | 10616.0 | +--------+--------+--------+--------+--------+-----+--------+

Top non-repeatable levels by time:
       D: 10616 daAuts
